 Dungeon Crawl Stone Soup version 0.20.1-1-g8b1a95d (webtiles) character file.

28 Ansu the Skirmisher (level 3, -2/33 HPs)
             Began as a Draconian Chaos Knight on Sept 1, 2017.
             Slain by Sigmund
             ... wielding a +0 scythe of flaming
              (5 damage)
             ... on level 2 of the Dungeon.
             The game lasted 00:14:12 (1430 turns).

Ansu the Skirmisher (Draconian Chaos Knight)        Turns: 1430, Time: 00:14:12

Health: -2/33      AC:  5    Str: 15    XL:     3   Next: 0%
Magic:  3/3        EV: 12    Int: 12    God:    Xom [.*....]
Gold:   38         SH:  0    Dex: 10    Spells: 2/2 levels left

rFire    + . .     SeeInvis .   a - +0 falchion (chaos)
rCold    . . .     Gourm    .   (no shield)
rNeg     . . .     Faith    .   (armour unavailable)
rPois    .         Spirit   .   (helmet restricted)
rElec    .         Reflect  .   (no cloak)
rCorr    .         Harm     .   (no gloves)
MR       .....                  (no boots)
Stlth    +.........             (no amulet)
Regen    0.2/turn               (no ring)
MPRegen  0.1/turn               (no ring)

@: confused
A: unfitting armour, stinger 1, fire resistance 1, high mp 1, cold-blooded, AC
+5
a: Renounce Religion


You were on level 2 of the Dungeon.
You worshipped Xom.
You were a plaything of Xom.
You were hungry.

You visited 1 branch of the dungeon, and saw 2 of its levels.

You collected 38 gold pieces.

Inventory:

Hand Weapons
 a - a +0 falchion of chaos (weapon)
 h - a +0 club
 i - a +0 spear
 j - a +0 short sword
 l - a +0 dagger
 u - a +0 hunting sling
Missiles
 c - 28 stones (quivered)
 g - 23 arrows
Armour
 d - a +0 robe
 s - a +0 ring mail
Scrolls
 k - a scroll of fear {unknown}
 m - a scroll of amnesia {unknown}
 o - a scroll of blinking {unknown}
 t - a scroll of identify {unknown}
Potions
 e - a potion of haste
 n - a potion of cancellation {unknown}
 p - a potion of brilliance {unknown}
 q - a potion of might {unknown}
 r - a potion of curing {unknown}
Comestibles
 b - a bread ration
 f - a royal jelly
 v - 6 chunks of flesh


   Skills:
 + Level 3.8 Fighting
 + Level 3.3 Long Blades
 + Level 2.5 Dodging
 + Level 0.2 Stealth


You had 2 spell levels left.
You didn't know any spells.

Dungeon Overview and Level Annotations

Branches:
Dungeon (2/15)

Altars:

Annotations:
D:2 Sigmund


Innate Abilities, Weirdness & Mutations

Your plain brown scales are hard. (AC +5)
You cannot fit into any form of body armour.
You are cold-blooded and may be slowed by cold attacks.
Your tail ends in a poisonous barb.
Your flesh is heat resistant. (rF+)
You have an increased reservoir of magic. (+10% MP)


Message History

Something hits you but does no damage.
Something mumbles something.
You hear some strange, mumbled words.
You are confused.
You bump into the rock wall.
You hear some strange, mumbled words.
A puff of flame appears from out of thin air!
The puff of flame hits you! You resist.
You hear some strange, mumbled words.
You are more confused.
Something hits you! Something burns you.
You miss something. Something hits you!
* * * LOW HITPOINT WARNING * * *
You closely miss something. Something barely misses you.
You see here a robe.
You bump into the rock wall.
Something completely misses you. Something hits you.
You die... "Boring in life, boring in death..."

####............
###.[...†........#
....##..........#
..#.............#
.....#...<......#
#........######
####......####
#..{......#
######.@...###...
........[##.).# ##
########.###....#
#.. ..... #.##
###.# #.# . ..#
... .#.


There were no monsters in sight!

Vanquished Creatures
  2 leopard geckos
  2 giant cockroaches
  4 goblins
  2 hobgoblins (D:1)
  6 kobolds
  A ball python (D:2)
  2 bats
  A frilled lizard (D:1)
  7 rats
27 creatures vanquished.

Notes
Turn   | Place    | Note
-------+----------+-------------------------------------------
     0 | D:1      | Ansu the Draconian Chaos Knight began the quest for the Orb.
     0 | D:1      | Reached XP level 1. HP: 19/19 MP: 1/1
   508 | D:1      | XOM: silly message
   602 | D:1      | XOM: mild Necr miscast
   734 | D:1      | Reached XP level 2. HP: 22/25 MP: 2/2
   806 | D:1      | XOM: harmless Fire miscast
   836 | D:1      | XOM: mild Tmut miscast
   937 | D:1      | XOM: give mutations
   937 | D:1      | Gained mutation: Your flesh is heat resistant. (rF+) [Xom's grace]
   937 | D:1      | Gained mutation: Your tail ends in a poisonous barb. [Xom's grace]
   998 | D:1      | XOM: cloud trail
  1205 | D:1      | XOM: give mutation
  1205 | D:1      | Gained mutation: You have an increased reservoir of magic. (+10% MP) [Xom's grace]
  1217 | D:2      | XOM: stealth player
  1217 | D:2      | Noticed Sigmund
  1396 | D:2      | XOM: enchant monster (good)
  1397 | D:2      | Reached XP level 3. HP: 33/33 MP: 3/3
  1430 | D:2      | Slain by Sigmund

Action                   || total
-------------------------++-------
Melee: Falchion          ||    53
       Tailslap          ||     7
Throw: Stone             ||     8
  Use: Potion            ||     3
 Stab: Confused          ||     1
  Eat: Chunk             ||     1
Armor: Skin              ||    14
Dodge: Dodged            ||    50
       Rpst.: Falchion   ||    20
